 Dungeon Crawl Stone Soup version 0.23.0-2-g0fe3ce5 (webtiles) character file.

Game seed: 10953373180488947547

95 Copingsaw the Insei (level 4, 0/28 HPs)
             Began as an Octopode Transmuter on Feb 19, 2019.
             Succumbed to Crazy Yiuf's poison
             ... on level 2 of the Dungeon.
             The game lasted 00:05:21 (1789 turns).

Copingsaw the Insei (Octopode Transmuter)           Turns: 1789, Time: 00:05:21

Health: 0/28       AC:  1    Str:  9    XL:     4   Next: 66%
Magic:  7/8        EV: 19    Int: 16    God:
Gold:   77         SH:  0    Dex: 17    Spells: 2/8 levels left

rFire    . . .     SeeInvis .     - Unarmed
rCold    . . .     Gourm    .   (no shield)
rNeg     . . .     Faith    .   (helmet restricted)
rPois    .         Spirit   .   (no amulet)
rElec    .         Reflect  .   (no ring)
rCorr    .         Harm     .   (no ring)
MR       .....                  (no ring)
Stlth    ++++......             (no ring)
HPRegen  0.09/turn              (no ring)
MPRegen  0.11/turn              (no ring)
                                (no ring)
                                (no ring)

@: agile, lethally poisoned (0 -> -4), berserk cooldown, slowed, very slow
A: almost no armour, stealthy swim, amphibious, 8 rings, constrict 8, camouflage
1, gelatinous body 1
a: no special abilities


You were on level 2 of the Dungeon.
You were not hungry.

You visited 1 branch of the dungeon, and saw 2 of its levels.

You collected 77 gold pieces.

Inventory:

Hand Weapons
 g - a +0 hunting sling
Missiles
 a - 12 arrows
 b - 47 stones
 d - 7 tomahawks (quivered)
 i - 13 poisoned needles
Scrolls
 e - 2 scrolls of magic mapping
 f - 3 scrolls of identify
 h - a scroll of enchant armour {unknown}
 k - a scroll of fear {unknown}
 l - 2 scrolls of teleportation {unknown}
 m - a scroll of immolation {unknown}
Comestibles
 c - 4 rations


   Skills:
 - Level 1.4 Fighting
 - Level 2.2 Dodging
 + Level 3.7 Unarmed Combat
 + Level 2.8 Spellcasting
 + Level 3.0 Transmutations


You had 2 spell levels left.
You knew the following spells:

 Your Spells              Type           Power        Failure   Level  Hunger
a - Beastly Appendage     Tmut           ##....       5%          1    #......
b - Sticks to Snakes      Tmut           ##......     9%          2    ##.....
c - Spider Form           Tmut/Pois      #.........   30%         3    ###....

Your spell library contained the following spells:

 Spells                   Type           Power        Failure   Level  Hunger
 Ice Form                 Ice/Tmut       #.......     71%         4    #####..
 Blade Hands              Tmut           ##........   83%         5    ######.


Dungeon Overview and Level Annotations

Branches:
Dungeon (2/15)

Altars:
Vehumet


Innate Abilities, Weirdness & Mutations

You cannot wear most types of armour.
You are very stealthy in the water. (Stealth+)
You are amphibious.
You can wear up to eight rings at the same time.
You can use your tentacles to constrict eight enemies at once.
Your skin changes colour to match your surroundings (Stealth+).
Your rubbery body absorbs attacks. (AC +1, EV +1)


Message History

You feel sick.
You feel sick.
You feel sick.
* * * LOW HITPOINT WARNING * * *
You feel sick.
* * * LOW HITPOINT WARNING * * *
You feel sick.
* * * LOW HITPOINT WARNING * * *
You feel sick.
* * * LOW HITPOINT WARNING * * *
You feel sick.
* * * LOW HITPOINT WARNING * * *
You feel sick.
* * * LOW HITPOINT WARNING * * *
You feel sick.
* * * LOW HITPOINT WARNING * * *
You feel sick.
* * * LOW HITPOINT WARNING * * *
You feel sick.
You die...

#........##.........#..
#........############..
#........# #..
########## ######..
#......# #######.####.#
#### ###.#..#...# #.#
#...##))#.......# #.#
#...@.####......# #.#
#)..### ##.#..## #.#
#### ###### #.. ##


There were no monsters in sight!

Vanquished Creatures
  Crazy Yiuf (D:2)
  An adder (D:2)
  2 oozes
  2 dart slugs (D:1)
  2 leopard geckos
  7 goblins
  6 hobgoblins
  2 quokkas (D:2)
  4 bats
  5 frilled lizards
  10 kobolds
  3 rats (D:1)
45 creatures vanquished.

Notes
Turn   | Place    | Note
-------+----------+-------------------------------------------
     0 | D:1      | Copingsaw the Octopode Transmuter began the quest for the
                  | Orb.
     0 | D:1      | Reached XP level 1. HP: 13/13 MP: 3/3
    81 | D:1      | Reached XP level 2. HP: 12/18 MP: 1/5
   651 | D:1      | Reached XP level 3. HP: 19/23 MP: 4/6
  1155 | D:2      | Found a radiant altar of Vehumet.
  1302 | D:2      | Found a faded altar of an unknown god.
  1317 | D:2      | Reached XP level 4. HP: 20/28 MP: 5/7
  1752 | D:2      | Found a runed translucent door.
  1756 | D:2      | Learned a level 2 spell: Sticks to Snakes
  1760 | D:2      | Learned a level 3 spell: Spider Form
  1760 | D:2      | Noticed Crazy Yiuf
  1767 | D:2      | Killed Crazy Yiuf
  1787 | D:2      | HP: 1/28 [poisoned by Crazy Yiuf]
  1789 | D:2      | Succumbed to Crazy Yiuf's poison

Skill      XL: |  1  2  3  4 |
---------------+-------------+-----
Transmutations | 3 |  3.0
Fighting       | |  1.4
Dodging        | |  2.2
Unarmed Combat | |  3.7
Spellcasting   | |  2.8

Action                   |  1- 3 |  4- 6 || total
-------------------------+-------+-------++-------
Melee: Unarmed           |    88 |    11 ||    99
       Constrict         |    27 |     1 ||    28
       Kick              |    15 |     2 ||    17
       Tentacles         |    10 |     1 ||    11
       Punch             |     1 |       ||     1
Throw: Tomahawk          |    13 |       ||    13
 Cast: Beastly Appendage |    22 |     3 ||    25
       Spider Form       |       |     1 ||     1
  Use: Scroll            |     1 |       ||     1
       Potion            |       |     2 ||     2
 Stab: Sleeping          |     8 |       ||     8
  Eat: Chunk             |     1 |       ||     1
       Ration            |       |     1 ||     1
Armor: Skin              |     7 |     2 ||     9
Dodge: Dodged            |    42 |     3 ||    45
